 Dungeon Crawl Stone Soup version 0.31.0-10-gcf4a605ca0 (webtiles) character file.

Game seed: 3379382585640004083

14 DeltaZero the Changeling (level 2, -1/21 HPs)
             Began as a Merfolk Shapeshifter on Jan 25, 2024.
             Slain by a gnoll
             ... wielding a +0 spear
              (6 damage)
             ... on level 1 of the Dungeon.
             The game lasted 00:00:44 (333 turns).

DeltaZero the Changeling (Merfolk Shapeshifter)      Turns: 333, Time: 00:00:44

Health: -1/21      AC:  2    Str: 14    XL:     2   Next: 41%
Magic:  2/2        EV: 12    Int:  9    God:
Gold:   16         SH:  0    Dex: 13    Spells: 1/1 levels left

rFire   . .          .
                       - Unarmed
rCold   . . .        (no shield)
rNeg    . . .        a - +0 animal skin
rPois   .            (helmet currently unavailable)
rElec   .            (cloak currently unavailable)
rCorr   .            (gloves currently unavailable)
SInv    .            (boots currently unavailable)
Will    .....        (no amulet)
Stlth   +            (no ring)
HPRegen 0.23/turn    (no ring)
MPRegen 0.08/turn

%: no passive effects
@: beast-form
A: beast (slay +2), (nimble swimmer 2), mertail
a: Begin Untransformation


You were on level 1 of the Dungeon.
You were a hulking beast.
You visited 1 branch of the dungeon, and saw 1 of its levels.

You collected 16 gold pieces.

Inventory:

Armour
 a - a +0 animal skin (worn)
 h - a +1 robe of cold resistance
Talismans
 c - a beast talisman (active)
 d - a flux talisman
Scrolls
 e - a scroll of identify {unknown}
 f - 2 scrolls of silence {unknown}
 g - 2 scrolls of teleportation {unknown}
Potions
 b - a potion of lignification


   Skills:
 + Level 1.1 Fighting
 + Level 3.0 Dodging
 + Level 3.5 Unarmed Combat
 + Level 4.4 Shapeshifting


You had one spell level left.
You didn't know any spells.
Your spell library contained the following spells:

 Spells                   Type           Power      Damage    Failure   Level
 Freeze                   Ice            0%         1d3       38%         1
 Frozen Ramparts          Ice            0%         1d1       77%         3
 Hailstorm                Conj/Ice       0%         3d5       77%         3


Dungeon Overview and Level Annotations

Branches:
Dungeon (1/15)

Altars:


Innate Abilities, Weirdness & Mutations

You are a hulking beast.
Your limbs bulge with bestial killing power. (Slay +2)
((You are very nimble when in or above water. (Stealth+, EV+, Speed+++)))
Your lower body shifts to a powerful aquatic tail in water.


Message History

You hear a shout!
A goblin comes into view. It is wielding a +0 club.
The rat misses you.
You hit the rat.
You kill the rat!
The kobold throws a stone.
The stone misses you.
An endoplasm comes into view.
Found a faded altar of an unknown god.
The endoplasm quivers.
A gnoll comes into view. It is wielding a +0 spear.
The kobold closely misses you.
A giant cockroach comes into view.
You miss the kobold. The kobold barely misses you.
The gnoll shouts!
You hit the goblin.
You kill the goblin!
The kobold closely misses you.
You punch the kobold!
You kill the kobold!
You barely miss the endoplasm. The endoplasm hits you.
You hit the endoplasm.
You kill the endoplasm!
The giant cockroach closely misses you. The gnoll hits you with a +0 spear!
The giant cockroach bites you but does no damage.
Things that are here:
a +0 short sword; a stone You hit the gnoll.
The gnoll is lightly wounded.
The giant cockroach completely misses you.
The gnoll hits you with a +0 spear!
* * * LOW HITPOINT WARNING * * *
You are too injured to fight recklessly!
You are too injured to fight recklessly!
You are too injured to fight recklessly!
You are too injured to fight recklessly!
You are too injured to fight recklessly!
The giant cockroach attacks as it pursues you!
The giant cockroach completely misses you.
The gnoll hits you from afar with a +0 spear.
You die...

...#. ########.#_ .
#.........#. #..........
###........# ...........#
......g)...# .......)...#
########### .......Bh..#
#.........#
...........####.........#
.....#####...............
..... #..............#
.... #............... ...
######.......... ...
#.......... #..........
###..........


You could see a gnoll and a giant cockroach.

Vanquished Creatures
  2 bats (D:1)
  An endoplasm (D:1)
  3 giant cockroaches (D:1)
  2 goblins (D:1)
  A ball python (D:1)
  A kobold (D:1)
  3 rats (D:1)
13 creatures vanquished.

Notes
Turn   | Place    | Note
-------+----------+-------------------------------------------
     0 | D:1      | DeltaZero the Merfolk Shapeshifter began the quest for the
                  | Orb.
     0 | D:1      | Reached XP level 1. HP: 15/15 MP: 1/1
   148 | D:1      | Reached XP level 2. HP: 21/21 MP: 2/2
   324 | D:1      | Found a faded altar of an unknown god.
   333 | D:1      | Slain by a gnoll

Illustrated notes

Levels and vault maps discovered:
D:1:      dpeg_arrival_connections, layout_basic,
          chequers_ecumenical_altar_simple

Skill      XL: |  1 |
---------------+----+-----
Dodging        | 3 |  3.0
Fighting       | |  1.1
Unarmed Combat | |  3.5
Shapeshifting  | |  4.4

Action                     || total
---------------------------++-------
  Melee: Unarmed           ||    27
         Punch             ||     1
 Armour: Animal skin       ||    15
  Dodge: Dodged            ||    16
   Form: Beast             ||     1
